| TOP OF THE 1ST |
|
Hawaii Islanders batting - Pitching for Spokane Indians : RHP Mike Witt
|
|
Pitching: RHP Mike Witt
|
|
|
Batting: SHB Ignacio Medina
|
0-0: Called Strike 0-1: Called Strike 0-2: Ball 1-2: Ball 2-2: DOUBLE (Line Drive, 89D, EV 110.6 MPH)
|
|
Batting: LHB Wayne Pechek
|
0-0: Ball 1-0: Ball Wild Pitch! Ignacio Medina to third 2-0: Ball 3-0: Base on Balls
|
|
Batting: LHB Brian Rosinski
|
0-0: Ball 1-0: Foul Ball, location: 2F 1-1: Foul Ball, location: 2F 1-2: Ball 2-2: Fly out, F8 (Line Drive, 8LD, EV 98.1 MPH) Runner from 3rd tags up, OUT at HOME! 8-2 Wayne Pechek to second
|
|
Batting: SHB Charles Valley
|
0-0: Swinging Strike 0-1: Ball 1-1: Called Strike 1-2: Ball 2-2: Ball 3-2: Foul Ball, location: 2F 3-2: Base on Balls
|
|
Batting: SHB Manny Castillo
|
0-0: Ball 1-0: Foul Ball, location: 2F 1-1: Called Strike 1-2: Foul Ball, location: 2F 1-2: Fielders Choice at 2nd, 5-4 (Groundball, 56, EV 86.9 MPH)
|
| Top of the 1st over - 0 runs, 1 hit, 0 errors, 2 left on base; Hawaii 0 - Spokane 0 |
| BOTTOM OF THE 1ST |
|
Spokane Indians batting - Pitching for Hawaii Islanders : RHP Eric Prevost
|
|
Pitching: RHP Eric Prevost
|
|
|
Batting: SHB Jose Oquendo
|
0-0: SINGLE (Groundball, 34, EV 110.6 MPH)
|
|
Batting: RHB Damaso Garcia
|
0-0: Ball Jose Oquendo steals 2nd, throwing error, E2 Jose Oquendo to third 1-0: Fly out, F9 (Line Drive, 9, EV 92.5 MPH) Runner from 3rd tags up, SCORES, throw by RF
|
|
Batting: SHB Chris W Smith
|
0-0: Ball 1-0: Fly out, F8 (Flyball, 78M, EV 81.9 MPH)
|
|
Batting: LHB Stu Pederson
|
0-0: Ball 1-0: Ball 2-0: SOLO HOME RUN (Flyball, 9D, EV 101.9 MPH), Distance : 375 ft
|
|
Batting: RHB Thomas Franklin
|
0-0: Called Strike 0-1: Called Strike 0-2: Ball 1-2: Foul Ball, location: 2F 1-2: Strikes out swinging
|
| Bottom of the 1st over - 2 runs, 2 hits, 1 error, 0 left on base; Hawaii 0 - Spokane 2 |
| TOP OF THE 2ND |
|
Hawaii Islanders batting - Pitching for Spokane Indians : RHP Mike Witt
|
|
Batting: RHB Chris Nyman
|
0-0: Foul Ball, location: 2F 0-1: Foul Ball, location: 2F 0-2: Foul Ball, location: 2F 0-2: Fly out, F7 (Flyball, 78D, EV 92.5 MPH)
|
|
Batting: RHB Joe Strain
|
0-0: Called Strike 0-1: Ball 1-1: Foul Ball, location: 2F 1-2: Ground out 5-3 (Groundball, 56S, EV 70.6 MPH)
|
|
Batting: RHB Cecil Strawn
|
0-0: Ball 1-0: Called Strike 1-1: Foul Ball, location: 2F 1-2: Ball 2-2: Ground out 6-3 (Groundball, 6, EV 83.1 MPH)
|
| Top of the 2nd over - 0 runs, 0 hits, 0 errors, 0 left on base; Hawaii 0 - Spokane 2 |
| BOTTOM OF THE 2ND |
|
Spokane Indians batting - Pitching for Hawaii Islanders : RHP Eric Prevost
|
|
Batting: LHB Dave Stockstill
|
0-0: Called Strike 0-1: Called Strike 0-2: Ball 1-2: Ground out 4-3 (Groundball, 4, EV 81.3 MPH)
|
|
Batting: RHB Jesse Velazquez
|
0-0: Called Strike 0-1: Ball 1-1: Foul Ball, location: 2F 1-2: Ball 2-2: Fly out, F8 (Flyball, 8RXD, EV 98.8 MPH)
|
|
Batting: RHB John Almon
|
0-0: Called Strike 0-1: Foul Ball, location: 2F 0-2: Ball 1-2: Strikes out looking
|
| Bottom of the 2nd over - 0 runs, 0 hits, 0 errors, 0 left on base; Hawaii 0 - Spokane 2 |
| TOP OF THE 3RD |
|
Hawaii Islanders batting - Pitching for Spokane Indians : RHP Mike Witt
|
|
Batting: RHB Joe Pittman
|
0-0: Ground out 4-3 (Groundball, 4M, EV 81.3 MPH)
|
|
Batting: SHB Ignacio Medina
|
0-0: Ball 1-0: Called Strike 1-1: Bunted foul 1-2: Strikes out swinging
|
|
Batting: LHB Wayne Pechek
|
0-0: Ground out U3 (Groundball, 3L, EV 102.5 MPH)
|
| Top of the 3rd over - 0 runs, 0 hits, 0 errors, 0 left on base; Hawaii 0 - Spokane 2 |
| BOTTOM OF THE 3RD |
|
Spokane Indians batting - Pitching for Hawaii Islanders : RHP Eric Prevost
|
|
Batting: RHB Craig Landis
|
0-0: Ball 1-0: Ball 2-0: Ball 3-0: Base on Balls
|
|
Batting: SHB Jose Oquendo
|
0-0: Ball 1-0: Foul Ball, location: 2F 1-1: Called Strike Craig Landis steals 2nd base 1-2: Fly out, F7 (Flyball, 78M, EV 81.3 MPH)
|
|
Batting: RHB Damaso Garcia
|
0-0: Called Strike 0-1: Ball 1-1: Ground out 6-3 (Groundball, 6S, EV 80.0 MPH) Craig Landis to third
|
|
Batting: SHB Chris W Smith
|
0-0: Ball 1-0: Foul Ball, location: 2F 1-1: Ball 2-1: Ball 3-1: Fly out, F8 (Flyball, 78M, EV 89.4 MPH)
|
| Bottom of the 3rd over - 0 runs, 0 hits, 0 errors, 1 left on base; Hawaii 0 - Spokane 2 |
| TOP OF THE 4TH |
|
Hawaii Islanders batting - Pitching for Spokane Indians : RHP Mike Witt
|
|
Batting: LHB Brian Rosinski
|
0-0: Ball 1-0: Ball 2-0: Ball 3-0: Called Strike 3-1: Base on Balls
|
|
Batting: SHB Charles Valley
|
0-0: Ball Pickoff Throw to First - Error! E1 Brian Rosinski to second 1-0: Fly out, F2 (Popup, 15S, EV 78.1 MPH)
|
|
Batting: SHB Manny Castillo
|
0-0: Called Strike 0-1: Fly out, F8 (Line Drive, 8RM, EV 98.1 MPH)
|
|
Batting: RHB Chris Nyman
|
0-0: Ball 1-0: Called Strike 1-1: Ball 2-1: Ground out 6-3 (Groundball, 6S, EV 64.4 MPH)
|
| Top of the 4th over - 0 runs, 0 hits, 1 error, 1 left on base; Hawaii 0 - Spokane 2 |
| BOTTOM OF THE 4TH |
|
Spokane Indians batting - Pitching for Hawaii Islanders : RHP Eric Prevost
|
|
Batting: LHB Stu Pederson
|
0-0: Foul Ball, location: 2F 0-1: Ball 1-1: Ground out 4-3 (Groundball, 4, EV 85.6 MPH)
|
|
Batting: RHB Thomas Franklin
|
0-0: Swinging Strike 0-1: Ball 1-1: Ball 2-1: Foul Ball, location: 2F 2-2: Ball 3-2: Ground out 6-3 (Groundball, 6, EV 80.6 MPH)
|
|
Batting: LHB Dave Stockstill
|
0-0: Ground out 6-3 (Groundball, 6, EV 87.5 MPH)
|
| Bottom of the 4th over - 0 runs, 0 hits, 0 errors, 0 left on base; Hawaii 0 - Spokane 2 |
| TOP OF THE 5TH |
|
Hawaii Islanders batting - Pitching for Spokane Indians : RHP Mike Witt
|
|
Batting: RHB Joe Strain
|
0-0: Foul Ball, location: 2F 0-1: Fly out, F7 (Line Drive, 7, EV 97.5 MPH)
|
|
Batting: RHB Cecil Strawn
|
0-0: Called Strike 0-1: Ball 1-1: Ball 2-1: Foul Ball, location: 2F 2-2: Fly out, F6 (Line Drive, 6, EV 67.5 MPH)
|
|
Batting: RHB Joe Pittman
|
0-0: Ball 1-0: Swinging Strike 1-1: SINGLE (Flyball, 78S, EV 88.8 MPH)
|
|
Batting: SHB Ignacio Medina
|
0-0: Ball 1-0: Reached on error, E5 (Groundball, 56, EV 78.1 MPH) Joe Pittman to second
|
|
Batting: LHB Wayne Pechek
|
0-0: Foul Ball, location: 2F 0-1: Ball 1-1: Ball 2-1: Foul Ball, location: 2F 2-2: SINGLE (Groundball, 6M, EV 101.9 MPH) Joe Pittman to third Ignacio Medina to second Runner from 3rd tries for Home, SAFE, throw by CF to home
|
|
Batting: LHB Brian Rosinski
|
0-0: Ball 1-0: Swinging Strike 1-1: Ball 2-1: Ground out 5-3 (Groundball, 56, EV 107.5 MPH)
|
| Top of the 5th over - 1 run, 2 hits, 1 error, 2 left on base; Hawaii 1 - Spokane 2 |
| BOTTOM OF THE 5TH |
|
Spokane Indians batting - Pitching for Hawaii Islanders : RHP Eric Prevost
|
|
Batting: RHB Jesse Velazquez
|
0-0: Ball 1-0: SINGLE (Line Drive, 9S, EV 93.8 MPH)
|
|
Batting: RHB John Almon
|
0-0: Bunt missed! 0-1: Ball 1-1: Bunted foul 1-2: Grounds into double play, 4-6-3 (Groundball, 34, EV 95.0 MPH)
|
|
Batting: RHB Craig Landis
|
0-0: Ball 1-0: Ball 2-0: Foul Ball, location: 2F 2-1: Swinging Strike 2-2: Foul Ball, location: 2F 2-2: SINGLE (Line Drive, 56, EV 106.3 MPH)
|
|
Batting: SHB Jose Oquendo
|
0-0: Ball 1-0: Ball 2-0: Foul Ball, location: 2F 2-1: Foul Ball, location: 2F 2-2: Strikes out swinging
|
| Bottom of the 5th over - 0 runs, 2 hits, 0 errors, 1 left on base; Hawaii 1 - Spokane 2 |
| TOP OF THE 6TH |
|
Hawaii Islanders batting - Pitching for Spokane Indians : RHP Mike Witt
|
|
Batting: SHB Charles Valley
|
0-0: Called Strike 0-1: Ball 1-1: Foul Ball, location: 2F 1-2: Fly out, F8 (Flyball, 8RD, EV 106.3 MPH)
|
|
Batting: SHB Manny Castillo
|
0-0: Foul Ball, location: 2F 0-1: Called Strike 0-2: Ground out 6-3 (Groundball, 6, EV 86.9 MPH)
|
|
Batting: RHB Chris Nyman
|
0-0: Ball 1-0: Foul Ball, location: 2F 1-1: Foul Ball, location: 2F 1-2: Ball 2-2: Ball 3-2: SOLO HOME RUN (Flyball, 7D, EV 96.3 MPH), Distance : 370 ft
|
|
Batting: RHB Joe Strain
|
0-0: Swinging Strike 0-1: Ground out 4-3 (Groundball, 4, EV 82.5 MPH)
|
| Top of the 6th over - 1 run, 1 hit, 0 errors, 0 left on base; Hawaii 2 - Spokane 2 |
| BOTTOM OF THE 6TH |
|
Spokane Indians batting - Pitching for Hawaii Islanders : RHP Eric Prevost
|
|
Batting: RHB Damaso Garcia
|
0-0: Ball 1-0: Called Strike 1-1: Fly out, F8 (Flyball, 89S, EV 81.3 MPH)
|
|
Batting: SHB Chris W Smith
|
0-0: Ball 1-0: Ball 2-0: Ball 3-0: Base on Balls
|
|
Batting: LHB Stu Pederson
|
0-0: Swinging Strike 0-1: Ball 1-1: 2-RUN HOME RUN (Flyball, 9LD, EV 98.8 MPH), Distance : 349 ft
|
|
Batting: RHB Thomas Franklin
|
0-0: Called Strike 0-1: Called Strike 0-2: Ball 1-2: Strikes out swinging
|
|
Batting: LHB Dave Stockstill
|
0-0: Ball 1-0: Foul Ball, location: 2F 1-1: Swinging Strike 1-2: Ball 2-2: Foul Ball, location: 2F 2-2: Foul Ball, location: 2F 2-2: Hit by Pitch
|
|
Batting: RHB Jesse Velazquez
|
0-0: Ball 1-0: Ball Dave Stockstill steals 2nd base 2-0: Ball 3-0: Called Strike 3-1: Base on Balls
|
|
Batting: RHB John Almon
|
0-0: Ball 1-0: Foul Ball, location: 2F 1-1: Swinging Strike 1-2: Ball 2-2: Ball 3-2: Foul Ball, location: 2F 3-2: Fly out, F7 (Flyball, 7, EV 90.0 MPH)
|
| Bottom of the 6th over - 2 runs, 1 hit, 0 errors, 2 left on base; Hawaii 2 - Spokane 4 |
| TOP OF THE 7TH |
|
Hawaii Islanders batting - Pitching for Spokane Indians : RHP Mike Witt
|
|
Batting: RHB Cecil Strawn
|
0-0: Called Strike 0-1: Ball 1-1: Ball 2-1: Called Strike 2-2: Foul Ball, location: 2F 2-2: Foul Ball, location: 2F 2-2: Foul Ball, location: 2F 2-2: Foul Ball, location: 2F 2-2: Strikes out swinging
|
|
Batting: RHB Joe Pittman
|
0-0: Ball 1-0: Foul Ball, location: 2F 1-1: Ground out 3-1 (Groundball, 34, EV 77.5 MPH)
|
|
Batting: SHB Ignacio Medina
|
0-0: Called Strike 0-1: Ball 1-1: Foul Ball, location: 2F 1-2: Ball 2-2: Ball 3-2: Fly out, F5 (Line Drive, 5, EV 69.4 MPH)
|
| Top of the 7th over - 0 runs, 0 hits, 0 errors, 0 left on base; Hawaii 2 - Spokane 4 |
| BOTTOM OF THE 7TH |
|
Spokane Indians batting - Pitching for Hawaii Islanders : RHP Eric Prevost
|
|
Pitching: RHP Matt E Williams
|
|
|
Batting: RHB Craig Landis
|
0-0: Ground out 3-1 (Groundball, 34, EV 100.0 MPH)
|
|
Batting: SHB Jose Oquendo
|
0-0: Ball 1-0: Ball 2-0: Ball 3-0: Called Strike 3-1: Base on Balls
|
|
Batting: RHB Damaso Garcia
|
0-0: Swinging Strike 0-1: Ball 1-1: Fly out, F8 (Flyball, 8LD, EV 88.8 MPH)
|
|
Batting: SHB Chris W Smith
|
0-0: Ball Jose Oquendo is caught stealing 2nd base 2-6
|
| Bottom of the 7th over - 0 runs, 0 hits, 0 errors, 0 left on base; Hawaii 2 - Spokane 4 |
| TOP OF THE 8TH |
|
Hawaii Islanders batting - Pitching for Spokane Indians : RHP Mike Witt
|
|
Batting: LHB Wayne Pechek
|
0-0: Ground out 4-3 (Groundball, 4, EV 100.6 MPH)
|
|
Batting: LHB Brian Rosinski
|
0-0: Ball 1-0: Ball 2-0: Swinging Strike 2-1: Fly out, F4 (Popup, 34S, EV 76.3 MPH)
|
|
Batting: SHB Charles Valley
|
0-0: Ball 1-0: Ball 2-0: Fly out, F9 (Flyball, 89S, EV 80.6 MPH)
|
| Top of the 8th over - 0 runs, 0 hits, 0 errors, 0 left on base; Hawaii 2 - Spokane 4 |
| BOTTOM OF THE 8TH |
|
Spokane Indians batting - Pitching for Hawaii Islanders : RHP Matt E Williams
|
|
Batting: SHB Chris W Smith
|
0-0: SINGLE (Groundball, 4M, EV 104.4 MPH) (infield hit)
|
|
Batting: LHB Stu Pederson
|
0-0: Called Strike 0-1: Foul Ball, location: 2F 0-2: Ball 1-2: Ball 2-2: Strikes out looking
|
|
Batting: RHB Thomas Franklin
|
0-0: Called Strike Chris W Smith steals 2nd base 0-1: Ball 1-1: Ball 2-1: Called Strike 2-2: Ground out 5-3 (Groundball, 5L, EV 90.0 MPH)
|
|
Batting: LHB Dave Stockstill
|
0-0: Called Strike 0-1: Ball 1-1: Fly out, F7 (Flyball, 7, EV 78.8 MPH)
|
| Bottom of the 8th over - 0 runs, 1 hit, 0 errors, 1 left on base; Hawaii 2 - Spokane 4 |
| TOP OF THE 9TH |
|
Hawaii Islanders batting - Pitching for Spokane Indians : RHP Mike Witt
|
|
Pitching: RHP Albert Williams
|
|
|
Now at 1B: Gary Holle
|
|
|
Now in RF: John Elder
|
|
|
Batting: SHB Manny Castillo
|
0-0: Swinging Strike 0-1: Ball 1-1: Called Strike 1-2: Ground out 4-3 (Groundball, 4, EV 83.8 MPH)
|
|
Batting: RHB Chris Nyman
|
0-0: Fly out, F4 (Line Drive, 4, EV 66.9 MPH)
|
|
Batting: RHB Joe Strain
|
0-0: Ball 1-0: Swinging Strike 1-1: Ball 2-1: SINGLE (Line Drive, 7S, EV 88.1 MPH)
|
|
Pinch Hitting: RHB Duke Hinds
|
0-0: Foul Ball, location: 2F 0-1: Ball 1-1: Called Strike 1-2: Ground out 1-3 (Groundball, 34S, EV 83.1 MPH)
|
| Top of the 9th over - 0 runs, 1 hit, 0 errors, 1 left on base; Hawaii 2 - Spokane 4 |
|